 Dungeon Crawl Stone Soup version 0.25-a0-35-g747a2b3c0c (webtiles) character file.

Game seed: 12772577235184636356, levelgen mode: deterministic

10939 Mort the Arsonist (level 11, -7/100 HPs)
             Began as an Ogre Fire Elementalist on Oct 19, 2019.
             Was an Initiate of Gozag.
             Mangled by a red ugly thing (14 damage)
             ... on level 11 of the Dungeon.
             The game lasted 00:40:59 (14775 turns).

Mort the Arsonist (Ogre Fire Elementalist)         Turns: 14775, Time: 00:40:59

Health: -7/100     AC:  6    Str: 14    XL:     11   Next: 69%
Magic:  8/25       EV: 12    Int: 19    God:    Gozag
Gold:   1543       SH:  0    Dex:  9    Spells: 17/30 levels left

rFire    . . .     SeeInvis .   B - +4 spear (freeze)
rCold    . . .     Gourm    .   (no shield)
rNeg     + . .     Faith    .   K - +2 robe {Archmagi}
rPois    .         Spirit   .   (helmet restricted)
rElec    +         Reflect  .   J - +0 cloak
rCorr    .         Harm     .   (gloves unavailable)
MR       ++...                  (boots unavailable)
Stlth    +.........             t - amulet of the acrobat
HPRegen  0.26/turn              E - ring "Taloym" {Wiz rElec rN+ MR+}
MPRegen  0.19/turn              u - +2 ring of evasion

@: no status effects
A: large, unfitting armour, tough skin 1
a: Potion Petition, Call Merchant, Bribe Branch, Renounce Religion


You were on level 11 of the Dungeon.
You worshipped Gozag.
Gozag was most pleased with you.
You were very hungry.

You visited 2 branches of the dungeon, and saw 12 of its levels.

You collected 2459 gold pieces.
You spent 860 gold pieces at shops.
You paid 56 gold pieces to Gozag.

Inventory:

Hand Weapons
 e - a +0 dagger
 o - a +0 hunting sling
 B - a +4 spear of freezing (weapon)
 N - a +3 scimitar of flaming
Missiles
 g - 390 stones
 l - 28 poisoned darts
 p - 2 throwing nets
 A - 186 arrows
 F - 10 curare-tipped darts
 T - 4 large rocks (quivered)
Armour
 v - a +2 robe of cold resistance
 D - the +2 ratskin cloak {+Rats rPois rN+ Str-1 Int-1 Dex+1}
   (You found it on level 5 of the Dungeon)

   It affects your strength (-1).
   It affects your intelligence (-1).
   It affects your dexterity (+1).
   It protects you from poison.
   It protects you from negative energy.
 J - a +0 cloak (worn)
 K - a +2 robe of the Archmagi (worn)
 M - a +1 robe of magic resistance
Jewellery
 t - an amulet of the acrobat (around neck)
 u - a +2 ring of evasion (right hand)
 w - an uncursed ring of see invisible
 C - a +3 ring of strength
 E - the ring "Taloym" (left hand) {Wiz rElec rN+ MR+}
   (You bought it in a shop on level 10 of the Dungeon)

   [ring of wizardry]

   It improves your spell success rate.
   It insulates you from electricity.
   It protects you from negative energy.
   It affects your resistance to hostile enchantments.
 S - an uncursed amulet of harm {unknown}
Wands
 y - a wand of digging (10)
 G - a wand of scattershot (7)
 I - a wand of flame (18)
 O - a wand of iceblast (12)
 P - a wand of polymorph (5)
 R - a wand of clouds (15)
Scrolls
 a - a scroll of immolation {unknown}
 b - a scroll of teleportation {unknown}
 d - 2 scrolls of fog {unknown}
 h - 2 scrolls of noise {unknown}
 k - 2 scrolls of blinking {unknown}
 n - a scroll of fear {unknown}
 s - a scroll of enchant weapon {unknown}
 x - 3 scrolls of remove curse
 z - a scroll of magic mapping {unknown}
 H - 3 scrolls of enchant armour {unknown}
 Q - a scroll of identify
 U - a scroll of holy word {unknown}
Potions
 f - 2 potions of resistance
 i - 4 potions of lignification
 j - 3 potions of heal wounds
 m - 5 potions of curing
 q - a potion of might {unknown}
 r - 4 potions of haste {unknown}
 L - 2 potions of degeneration {unknown}
 V - a potion of cancellation {unknown}
Comestibles
 c - 16 rations


   Skills:
 - Level 4.1 Fighting
 - Level 1.7 Dodging
 - Level 1.4 Stealth
 - Level 10.2 Spellcasting
 + Level 10.0 Conjurations
 + Level 10.4 Fire Magic


You had 17 spell levels left.
You knew the following spells:

 Your Spells              Type           Power        Failure   Level  Hunger
a - Flame Tongue          Conj/Fire      #####        1%          1    None
b - Conjure Flame         Conj/Fire      ######..     1%          3    None
c - Sticky Flame          Conj/Fire      ######..     1%          4    ##.....
d - Fireball              Conj/Fire      ######....   1%          5    #####..

Your spell library contained the following spells:

 Spells                   Type           Power        Failure   Level  Hunger
 Throw Flame              Conj/Fire      ######       1%          2    None
 Inner Flame              Hex/Fire       #####...     1%          3    None
 Animate Skeleton         Necr           N/A          3%          1    None
 Apportation              Tloc           ##....       3%          1    None
 Confusing Touch          Hex            ##....       3%          1    None
 Summon Small Mammal      Summ           ##..         3%          1    None


Dungeon Overview and Level Annotations

Branches:
Dungeon (11/15)            Temple (1/1) D:4            Lair (0/6) D:10
    Orc (0/2) D:11

Altars:
Ashenzari
Cheibriados
Dithmenos
Elyvilon
Fedhas
Gozag
Hepliaklqana
Kikubaaqudgha
Makhleb
Nemelex Xobeh
Okawaru
Qazlal
Ru
Sif Muna
Trog
Uskayaw
Vehumet
Wu Jian
Xom
Yredelemnul
Zin
The Shining One

Shops:
D:8 (   D:9 %   D:10 =


Innate Abilities, Weirdness & Mutations

You are too large for most types of armour.
You have tough skin. (AC +1)


Message History

Aiming: Sticky Flame (safe; 1% risk of failure)
Press: ? - help, Shift-Dir - straight line, f - red ugly thing
Aim: a red ugly thing (flame, heavily wounded)
You feel a surge of power!
The sticky flame hits the red ugly thing.
The red ugly thing resists.
The red ugly thing is heavily wounded.
The red ugly thing is engulfed in blazing flames.
The red ugly thing misses you.
You hit the red ugly thing. You freeze the red ugly thing.
The red ugly thing is severely wounded.
The red ugly thing is engulfed in blazing flames.
The red ugly thing pecks you!
* * * LOW HITPOINT WARNING * * *
You are engulfed in flames!!
* * * LOW HITPOINT WARNING * * *
The red ugly thing is engulfed in blazing flames.
The red ugly thing pecks you!
You die...
Your body crumbles into a pile of gold.

#.# #.# #.# #.# #.# #.#
#.#########.######.####
#.......)..............
#.####.#######.######.#
#.# #.# #.# #.# #.# #.#
#.# #.# #.# #.# #.# #.#
#.# #@# #.# #.#
#.####u# #.# #.#
#......# #.# #.#
#.####.# #.# #.# #.#
#... #.# #..... #.#
#(.!a... #.# #.......
#.# #.u.....


You could see a red ugly thing.

Vanquished Creatures
  Erica (D:8)
  A cyclops (D:11)
  Maurice (D:8)
  4 trolls
  A human (D:8)
  A steam dragon (D:10)
  16 yaks
  3 hogs (D:8)
  A hungry ghost (D:11)
  A soldier ant (D:11)
  Duvessa (D:5)
  2 black bears
  4 orc warriors
  3 sky beasts
  5 phantoms
  An eye of draining (D:10)
  4 centaurs
  7 ogres
  2 big kobolds
  A gnoll sergeant (D:5)
  9 bullfrogs
  Dowan (D:5)
  A wyvern skeleton (D:11)
  2 scorpions
  7 howler monkeys
  8 crimson imps
  3 jellies
  A quasit (D:9)
  6 orc wizards
  2 centaur zombies
  2 orc priests
  7 hounds
  4 bullfrog skeletons
  2 iguanas (D:9)
  A hell rat (D:5)
  7 worker ants
  2 hound skeletons
  A hound zombie (D:6)
  10 adders
  16 gnolls
  6 river rats (D:5)
  4 shadow imps
  An ooze (D:2)
  An adder zombie (D:4)
  An adder skeleton (D:7)
  2 worms
  5 dart slugs
  2 leopard geckos
  53 orcs
  2 giant cockroaches
  10 goblins
  10 hobgoblins
  18 jackals
  13 kobolds
  3 quokkas
  A ball python (D:4)
  6 bats
  7 frilled lizards
  A jackal zombie (D:5)
  A leopard gecko skeleton (D:7)
  A leopard gecko zombie (D:5)
  A quokka skeleton (D:7)
  A quokka zombie (D:7)
  21 rats
323 creatures vanquished.

Vanquished Creatures (others)
  An adder skeleton (D:8)
1 creature vanquished.

Grand Total: 324 creatures vanquished

Notes
Turn   | Place    | Note
-------+----------+-------------------------------------------
     0 | D:1      | Mort the Ogre Fire Elementalist began the quest for the
                  | Orb.
     0 | D:1      | Reached XP level 1. HP: 16/16 MP: 3/3
    58 | D:1      | Reached skill level 1 in Conjurations
   293 | D:1      | Reached skill level 1 in Fighting
   293 | D:1      | Reached XP level 2. HP: 6/27 MP: 3/5
   934 | D:1      | Reached XP level 3. HP: 35/35 MP: 3/6
  1274 | D:2      | Learned a level 3 spell: Conjure Flame
  1552 | D:2      | Reached XP level 4. HP: 40/44 MP: 1/7
  2504 | D:2      | Found a sparkling altar of Nemelex Xobeh.
  2678 | D:3      | Reached XP level 5. HP: 53/53 MP: 4/8
  3108 | D:3      | Reached XP level 6. HP: 57/62 MP: 1/9
  3710 | D:4      | Found a staircase to the Ecumenical Temple.
  3748 | Temple   | Entered the Ecumenical Temple
  4054 | Temple   | Became a worshipper of Gozag Ym Sagoz the Greedy
  4147 | D:4      | Found a stormy altar of Qazlal.
  4150 | D:4      | Found an ancient bone altar of Kikubaaqudgha.
  5050 | D:5      | Entered Level 5 of the Dungeon
  5050 | D:5      | Noticed Duvessa
  5050 | D:5      | Noticed Dowan
  5136 | D:5      | Reached XP level 7. HP: 69/70 MP: 6/12
  5546 | D:5      | Reached skill level 5 in Spellcasting
  5655 | D:5      | Reached skill level 5 in Fire Magic
  5669 | D:5      | Reached XP level 8. HP: 38/78 MP: 0/16
  6142 | D:5      | Killed Duvessa
  6175 | D:5      | Killed Dowan
  6668 | D:5      | Found the +2 ratskin cloak {+Rats rPois rN+ Str-1 Int-1
                  | Dex+1}
  6682 | D:5      | Reached skill level 5 in Conjurations
  7302 | D:6      | Found a shadowy altar of Dithmenos.
  7642 | D:6      | Reached XP level 9. HP: 41/84 MP: 15/20
  7826 | D:6      | Learned a level 4 spell: Sticky Flame
  9146 | D:7      | Found a basalt altar of Yredelemnul.
  9477 | D:8      | Noticed Erica
  9599 | D:8      | Killed Erica
  9599 | D:8      | Reached skill level 10 in Spellcasting
  9599 | D:8      | Reached XP level 10. HP: 47/92 MP: 11/24
  9606 | D:8      | Learned a level 5 spell: Fireball
  9738 | D:8      | Found Xuelybout's Weapon Boutique.
  9909 | D:8      | Noticed Maurice
  9923 | D:8      | Killed Maurice
 11548 | D:9      | Reached XP level 11. HP: 83/100 MP: 12/25
 11967 | D:9      | Found Jaelicur's Food Boutique.
 12231 | D:9      | Found a hide-covered altar of Uskayaw.
 12687 | D:10     | Entered Level 10 of the Dungeon
 13321 | D:10     | Found a glowing golden altar of the Shining One.
 13503 | D:10     | Found Ukluargh's Jewellery Emporium.
 13519 | D:10     | Bought the ring "Taloym" {Wiz rElec rN+ MR+} for 860 gold
                  | pieces
 13640 | D:10     | Found a staircase to the Lair.
 13881 | D:11     | Noticed a red ugly thing
 13912 | D:11     | Reached skill level 10 in Fire Magic
 14192 | D:11     | Found a staircase to the Orcish Mines.
 14531 | D:11     | Noticed a cyclops
 14567 | D:11     | Killed a cyclops
 14685 | D:11     | Reached skill level 10 in Conjurations
 14775 | D:11     | Mangled by a red ugly thing

Levels and vault maps discovered:
D:1:      lightli_arrival_chessboard, layout_loops_cross, minmay_tetromino_t2
D:2:      layout_basic, lemuel_crystal_altar, serial_park_tiny_2,
          kennysheep_generic_room_13
D:3:      layout_loops_ring
D:4:      layout_loops_ring, lemuel_crystal_altar, old_standard_altar,
          minmay_temple_entry_mini_moons
D:5:      wander_guarded_unrand_ratskin, layout_rooms, first_ration,
          uniq_duvessa
D:6:      layout_rooms, nicolae_dithmenos_through_a_glass_darkly, bh_chokoban
D:7:      layout_rooms, lemuel_doored_altar
D:8:      layout_rooms, serial_glass, glass_columns_b, glass_columns_a,
          serial_shops, shop, grunt_livestock, uniq_maurice, uniq_erica
D:9:      layout_stronghold, kennysheep_mini_moat, serial_shops,
          nicolae_shop_temple_entry_statues_fountains
D:10:     layout_roguey, lair_entry_dummy, serial_shops, shop,
          nicolae_tso_carved_into_rock
D:11:     layout_small_grid, hiddenorc1_lemuel
Temple:   minmay_temple_bridge_d

Skill      XL: |  1  2  3  4  5  6  7  8  9 10 11 |
---------------+----------------------------------+-----
Conjurations   | 1 2 3 4 5 6 8 10 | 10.0
Fighting       | 1 2 3 4 |  4.1
Fire Magic     | 3 4 5 6 7 9 10 | 10.4
Spellcasting   | 3 5 7 10 | 10.2
Dodging        | |  1.7
Stealth        | |  1.4

Action                   |  1- 3 |  4- 6 |  7- 9 | 10-12 || total
-------------------------+-------+-------+-------+-------++-------
Melee: Unarmed           |     7 |       |       |       ||     7
       Dagger            |       |    20 |     9 |       ||    29
       Spear             |       |       |   112 |    85 ||   197
Throw: Dart              |       |     6 |    10 |     1 ||    17
       Large rock        |       |       |       |     1 ||     1
 Cast: Flame Tongue      |    65 |   136 |   261 |   321 ||   783
       Conjure Flame     |     1 |     1 |     3 |     5 ||    10
       Sticky Flame      |       |       |     8 |    23 ||    31
       Fireball          |       |       |       |    11 ||    11
  Use: Scroll            |       |     6 |       |     3 ||     9
       Potion            |       |       |     1 |       ||     1
 Stab: Distracted        |       |       |     2 |       ||     2
       Sleeping          |       |       |     1 |       ||     1
  Eat: Chunk             |     2 |     9 |       |       ||    11
       Ration            |       |     1 |     4 |     6 ||    11
Armor: Robe              |    12 |    23 |    79 |    51 ||   165
Dodge: Dodged            |    27 |    59 |   178 |   162 ||   426

Table legend:
 A = Non-vault XP
 B = Vault XP
 C = Vault XP percentage of total XP
 D = Non-vault monster count
 E = Vault monster count
 F = Vault count percentage of total count
                 A         B        C        D         E       F
            +---------+---------+-------+---------+---------+-------
      Total |   12708 |    2920 |  18.7 |     273 |      50 |  15.5
            +---------+---------+-------+---------+---------+-------
        D:1 |      60 |       3 |   4.8 |      24 |       2 |   7.7
        D:2 |     180 |       1 |   0.6 |      25 |       1 |   3.8
        D:3 |     108 |       0 |   0.0 |      26 |       0 |   0.0
        D:4 |     316 |       0 |   0.0 |      14 |       0 |   0.0
        D:5 |    1015 |     356 |  26.0 |      29 |      23 |  44.2
        D:6 |    1590 |       0 |   0.0 |      33 |       0 |   0.0
        D:7 |     529 |       0 |   0.0 |      19 |       0 |   0.0
        D:8 |     562 |    2382 |  80.9 |      17 |       7 |  29.2
        D:9 |    3279 |       0 |   0.0 |      35 |       0 |   0.0
       D:10 |    2595 |       0 |   0.0 |      29 |       0 |   0.0
       D:11 |    2474 |     178 |   6.7 |      22 |      17 |  43.6
            +---------+---------+-------+---------+---------+-------
